| TOP OF THE 1ST |
|
Chattanooga Lookouts batting - Pitching for Northwest Arkansas Naturals : RHP Jarred Young
|
|
Pitching: RHP Jarred Young
|
|
|
Batting: LHB Kozo Kanamori
|
0-0: Foul Ball, location: 2F 0-1: Called Strike 0-2: Ball 1-2: Ball 2-2: Ball 3-2: Foul Ball, location: 2F 3-2: Base on Balls
|
|
Batting: RHB Ruben Martinez
|
0-0: Ball 1-0: Grounds into double play, 5-4-3 (Groundball, 56, EV 98.1 MPH)
|
|
Batting: LHB Matt Robertson
|
0-0: Ball 1-0: Ball 2-0: Ball 3-0: Base on Balls
|
|
Batting: RHB Isaiah Easter
|
0-0: Swinging Strike 0-1: SINGLE (Line Drive, 7LS, EV 91.2 MPH) Matt Robertson to second
|
|
Batting: RHB Justin Allison
|
0-0: Ball 1-0: Called Strike 1-1: Foul Ball, location: 2F 1-2: Ball 2-2: Foul Ball, location: 2F 2-2: Fly out, F9 (Flyball, 89S, EV 91.9 MPH)
|
| Top of the 1st over - 0 runs, 1 hit, 0 errors, 2 left on base; Chattanooga 0 - Northwest Arkansas 0 |
| BOTTOM OF THE 1ST |
|
Northwest Arkansas Naturals batting - Pitching for Chattanooga Lookouts : RHP Willie Romero
|
|
Pitching: RHP Willie Romero
|
|
|
Batting: LHB Danny Bailey
|
0-0: Called Strike 0-1: Fly out, F7 (Flyball, 78M, EV 90.6 MPH)
|
|
Batting: RHB Gavin Jones
|
0-0: Swinging Strike 0-1: Ball 1-1: Foul Ball, location: 2F 1-2: Strikes out looking
|
|
Batting: RHB Walt Cogswell
|
0-0: Called Strike 0-1: Ball 1-1: Foul Ball, location: 2F 1-2: Ball 2-2: Ball 3-2: Strikes out swinging
|
| Bottom of the 1st over - 0 runs, 0 hits, 0 errors, 0 left on base; Chattanooga 0 - Northwest Arkansas 0 |
| TOP OF THE 2ND |
|
Chattanooga Lookouts batting - Pitching for Northwest Arkansas Naturals : RHP Jarred Young
|
|
Batting: SHB Chris Ortiz
|
0-0: Swinging Strike 0-1: Swinging Strike 0-2: Ball 1-2: Ball 2-2: Foul Ball, location: 2F 2-2: Foul Ball, location: 2F 2-2: Foul Ball, location: 2F 2-2: Foul Ball, location: 2F 2-2: Foul Ball, location: 2F 2-2: Ball 3-2: Base on Balls
|
|
Batting: RHB Bobby Paredes
|
0-0: Called Strike 0-1: Ball 1-1: Swinging Strike 1-2: Ball 2-2: Ball 3-2: Strikes out swinging
|
|
Batting: RHB Julian de Reus
|
0-0: Foul Ball, location: 2F 0-1: SINGLE (Line Drive, 6D, EV 98.1 MPH) Chris Ortiz to second Chris Ortiz to third
|
|
Batting: RHB Francisque Regras
|
0-0: Called Strike 0-1: Ball 1-1: Called Strike 1-2: Strikes out swinging
|
|
Batting: LHB Kozo Kanamori
|
0-0: Ball 1-0: Foul Ball, location: 2F 1-1: Ball 2-1: Foul Ball, location: 2F 2-2: Strikes out looking
|
| Top of the 2nd over - 0 runs, 1 hit, 0 errors, 2 left on base; Chattanooga 0 - Northwest Arkansas 0 |
| BOTTOM OF THE 2ND |
|
Northwest Arkansas Naturals batting - Pitching for Chattanooga Lookouts : RHP Willie Romero
|
|
Batting: RHB Jaden Warrior
|
0-0: Swinging Strike 0-1: Foul Ball, location: 2F 0-2: Ball 1-2: Ball 2-2: Foul Ball, location: 2F 2-2: Strikes out swinging
|
|
Batting: RHB Marco Diaz
|
0-0: Called Strike 0-1: SINGLE (Groundball, 6MD, EV 98.8 MPH)
|
|
Batting: RHB Tomas Raya
|
0-0: Called Strike 0-1: SINGLE (Groundball, 4MD, EV 103.1 MPH) Marco Diaz to second Runner from 2nd tries for 3rd, SAFE, no throw by CF
|
|
Batting: RHB Kunimatsu Oya
|
0-0: Swinging Strike 0-1: SINGLE (Groundball, 34S, EV 68.8 MPH) (infield hit) Marco Diaz scores Tomas Raya to second
|
|
Batting: RHB Doug Carter
|
0-0: Called Strike 0-1: SINGLE (Groundball, 34D, EV 96.2 MPH) Tomas Raya to third Kunimatsu Oya to second Runner from 3rd tries for Home, SAFE, throw by RF to home
|
|
Batting: RHB Egidius Kruger
|
0-0: Swinging Strike 0-1: Foul Ball, location: 2F 0-2: Strikes out swinging
|
|
Batting: LHB Danny Bailey
|
0-0: Ball 1-0: Ball 2-0: Ball 3-0: Called Strike 3-1: Base on Balls Kunimatsu Oya to third Doug Carter to second
|
|
Batting: RHB Gavin Jones
|
0-0: Ball 1-0: Ball Wild Pitch! Kunimatsu Oya scores Doug Carter to third Danny Bailey to second 2-0: Swinging Strike 2-1: Foul Ball, location: 2F 2-2: Strikes out looking
|
| Bottom of the 2nd over - 3 runs, 4 hits, 0 errors, 2 left on base; Chattanooga 0 - Northwest Arkansas 3 |
| TOP OF THE 3RD |
|
Chattanooga Lookouts batting - Pitching for Northwest Arkansas Naturals : RHP Jarred Young
|
|
Batting: RHB Ruben Martinez
|
0-0: Called Strike 0-1: Foul Ball, location: 2F 0-2: Strikes out swinging
|
|
Batting: LHB Matt Robertson
|
0-0: Called Strike 0-1: Swinging Strike 0-2: Foul Ball, location: 2F 0-2: Ball 1-2: Ball 2-2: TRIPLE (Flyball, 7D, EV 98.1 MPH)
|
|
Batting: RHB Isaiah Easter
|
0-0: Foul Ball, location: 2F 0-1: Ball 1-1: Ball 2-1: Ground out U3 (Groundball, 34, EV 81.9 MPH) Matt Robertson scores
|
|
Batting: RHB Justin Allison
|
0-0: Called Strike 0-1: SINGLE (Groundball, 34D, EV 94.4 MPH)
|
|
Batting: SHB Chris Ortiz
|
0-0: Ball 1-0: Called Strike 1-1: Foul Ball, location: 2F 1-2: Ball 2-2: Strikes out swinging
|
| Top of the 3rd over - 1 run, 2 hits, 0 errors, 1 left on base; Chattanooga 1 - Northwest Arkansas 3 |
| BOTTOM OF THE 3RD |
|
Northwest Arkansas Naturals batting - Pitching for Chattanooga Lookouts : RHP Willie Romero
|
|
Batting: RHB Walt Cogswell
|
0-0: Ball 1-0: Called Strike 1-1: Called Strike 1-2: Ground out 1-3 (Groundball, P, EV 62.5 MPH)
|
|
Batting: RHB Jaden Warrior
|
0-0: Ball 1-0: Ground out 1-3 (Groundball, 13, EV 76.2 MPH)
|
|
Batting: RHB Marco Diaz
|
0-0: Swinging Strike 0-1: Ball 1-1: Ball 2-1: Foul Ball, location: 2F 2-2: Ball 3-2: Strikes out swinging
|
| Bottom of the 3rd over - 0 runs, 0 hits, 0 errors, 0 left on base; Chattanooga 1 - Northwest Arkansas 3 |
| TOP OF THE 4TH |
|
Chattanooga Lookouts batting - Pitching for Northwest Arkansas Naturals : RHP Jarred Young
|
|
Batting: RHB Bobby Paredes
|
0-0: DOUBLE (Line Drive, 8RD, EV 102.5 MPH)
|
|
Batting: RHB Julian de Reus
|
0-0: Foul Ball, location: 2F 0-1: DOUBLE (Line Drive, 7LS, EV 95.6 MPH) Bobby Paredes scores
|
|
Batting: RHB Francisque Regras
|
0-0: Called Strike 0-1: Ball 1-1: Foul Ball, location: 2F 1-2: Ball 2-2: Ball 3-2: Foul Ball, location: 2F 3-2: Foul Ball, location: 2F 3-2: Fly out, F8 (Flyball, 78M, EV 88.8 MPH)
|
|
Batting: LHB Kozo Kanamori
|
0-0: Foul Ball, location: 2F 0-1: Swinging Strike 0-2: Ball 1-2: Foul Ball, location: 2F 1-2: Foul Ball, location: 2F 1-2: Foul Ball, location: 2F 1-2: Foul Ball, location: 2F 1-2: Ball 2-2: Foul Ball, location: 2F 2-2: Strikes out swinging
|
|
Batting: RHB Ruben Martinez
|
0-0: Called Strike 0-1: Swinging Strike 0-2: DOUBLE (Line Drive, 78D, EV 113.1 MPH) Julian de Reus scores
|
|
Batting: LHB Matt Robertson
|
0-0: Ball 1-0: Ball 2-0: Called Strike 2-1: Ground out U3 (Groundball, 34, EV 91.9 MPH)
|
| Top of the 4th over - 2 runs, 3 hits, 0 errors, 1 left on base; Chattanooga 3 - Northwest Arkansas 3 |
| BOTTOM OF THE 4TH |
|
Northwest Arkansas Naturals batting - Pitching for Chattanooga Lookouts : RHP Willie Romero
|
|
Batting: RHB Tomas Raya
|
0-0: Ground out 6-3 (Groundball, 6S, EV 72.5 MPH)
|
|
Batting: RHB Kunimatsu Oya
|
0-0: Ball 1-0: Foul Ball, location: 2F 1-1: Ground out 4-3 (Groundball, 4M, EV 102.5 MPH)
|
|
Batting: RHB Doug Carter
|
0-0: Swinging Strike 0-1: Called Strike 0-2: Ball 1-2: Ball 2-2: SINGLE (Flyball, 78S, EV 88.1 MPH)
|
|
Batting: RHB Egidius Kruger
|
0-0: Ball 1-0: Called Strike 1-1: Called Strike 1-2: Fielders Choice at 2nd, 6-4 (Groundball, 6, EV 90.6 MPH)
|
| Bottom of the 4th over - 0 runs, 1 hit, 0 errors, 1 left on base; Chattanooga 3 - Northwest Arkansas 3 |
| TOP OF THE 5TH |
|
Chattanooga Lookouts batting - Pitching for Northwest Arkansas Naturals : RHP Jarred Young
|
|
Batting: RHB Isaiah Easter
|
0-0: Called Strike 0-1: Ball 1-1: Ball 2-1: SINGLE (Groundball, 6MD, EV 103.1 MPH)
|
|
Batting: RHB Justin Allison
|
0-0: Ball 1-0: Ground out 5-3 (Groundball, 56S, EV 73.1 MPH) Isaiah Easter to second
|
|
Pitching: RHP Lionardo Rabelo
|
|
|
Batting: SHB Chris Ortiz
|
0-0: Ball 1-0: Ball 2-0: Ball 3-0: Called Strike 3-1: Foul Ball, location: 2F 3-2: Foul Ball, location: 2F 3-2: Base on Balls
|
|
Batting: RHB Bobby Paredes
|
0-0: Ball 1-0: Ball 2-0: Ground out 5-3 (Groundball, 6S, EV 75.6 MPH) Isaiah Easter to third Chris Ortiz to second
|
|
Pinch Hitting: LHB Armando Rendon
|
0-0: Foul Ball, location: 2F 0-1: Swinging Strike 0-2: Ball 1-2: Strikes out looking
|
| Top of the 5th over - 0 runs, 1 hit, 0 errors, 2 left on base; Chattanooga 3 - Northwest Arkansas 3 |
| BOTTOM OF THE 5TH |
|
Northwest Arkansas Naturals batting - Pitching for Chattanooga Lookouts : RHP Willie Romero
|
|
Now at 2B: Bobby Paredes
|
|
|
Now at 3B: Armando Rendon
|
|
|
Batting: LHB Danny Bailey
|
0-0: Ball 1-0: SINGLE (Groundball, 6MD, EV 93.8 MPH)
|
|
Batting: RHB Gavin Jones
|
0-0: Called Strike Danny Bailey steals 2nd base 0-1: SINGLE (Flyball, 89S, EV 88.8 MPH) Danny Bailey to third
|
|
Batting: RHB Walt Cogswell
|
0-0: Called Strike 0-1: Ball 1-1: Ball 2-1: Called Strike 2-2: Fly out, F4 (Popup, 4D, EV 54.4 MPH)
|
|
Batting: RHB Jaden Warrior
|
0-0: Ball Gavin Jones steals 2nd base 1-0: Ball 2-0: Foul Ball, location: 2F 2-1: Ground out 4-3 (Groundball, 4S, EV 83.1 MPH) Danny Bailey scores Gavin Jones to third
|
|
Batting: RHB Marco Diaz
|
0-0: Foul Ball, location: 2F 0-1: Foul Ball, location: 2F 0-2: Ball 1-2: Ball 2-2: Ball 3-2: Foul Ball, location: 2F 3-2: Base on Balls
|
|
Batting: RHB Tomas Raya
|
0-0: Foul Ball, location: 2F 0-1: Swinging Strike 0-2: Fly out, F6 (Line Drive, 6, EV 67.5 MPH)
|
| Bottom of the 5th over - 1 run, 2 hits, 0 errors, 2 left on base; Chattanooga 3 - Northwest Arkansas 4 |
| TOP OF THE 6TH |
|
Chattanooga Lookouts batting - Pitching for Northwest Arkansas Naturals : RHP Lionardo Rabelo
|
|
Pinch Hitting: LHB Marius Tadini
|
0-0: Ball 1-0: Ball 2-0: Ball 3-0: Base on Balls
|
|
Pitching: LHP Dave Schmidt
|
|
|
Pinch Hitting: RHB Masaichi Tokunaga
|
0-0: Ball 1-0: Fly out, F8 (Line Drive, 8LM, EV 90.0 MPH)
|
|
Batting: RHB Ruben Martinez
|
0-0: Swinging Strike 0-1: Ball 1-1: Grounds into double play, 6-4-3 (Groundball, 6, EV 109.4 MPH)
|
| Top of the 6th over - 0 runs, 0 hits, 0 errors, 0 left on base; Chattanooga 3 - Northwest Arkansas 4 |
| BOTTOM OF THE 6TH |
|
Northwest Arkansas Naturals batting - Pitching for Chattanooga Lookouts : RHP Willie Romero
|
|
Now at SS: Ben Droge
|
|
|
Now in LF: Marius Tadini
|
|
|
Batting: RHB Kunimatsu Oya
|
0-0: Ball 1-0: Ball 2-0: Swinging Strike 2-1: Ground out 5-3 (Groundball, 56S, EV 71.9 MPH)
|
|
Pitching: RHP Mike Ferry
|
|
|
Batting: RHB Doug Carter
|
0-0: Foul Ball, location: 2F 0-1: Ground out 3-1 (Groundball, 34S, EV 81.9 MPH)
|
|
Batting: RHB Egidius Kruger
|
0-0: DOUBLE (Line Drive, 3D, EV 98.1 MPH)
|
|
Batting: LHB Danny Bailey
|
0-0: Ball 1-0: Ball 2-0: Fly out, F3 (Line Drive, 3, EV 70.6 MPH)
|
| Bottom of the 6th over - 0 runs, 1 hit, 0 errors, 1 left on base; Chattanooga 3 - Northwest Arkansas 4 |
| TOP OF THE 7TH |
|
Chattanooga Lookouts batting - Pitching for Northwest Arkansas Naturals : LHP Dave Schmidt
|
|
Batting: LHB Matt Robertson
|
0-0: Fly out, F8 (Flyball, 89D, EV 100.6 MPH)
|
|
Batting: RHB Isaiah Easter
|
0-0: Ball 1-0: Called Strike 1-1: SOLO HOME RUN (Line Drive, 7LD, EV 93.8 MPH), Distance : 360 ft
|
|
Batting: RHB Justin Allison
|
0-0: Called Strike 0-1: Foul Ball, location: 2F 0-2: Strikes out swinging
|
|
Batting: SHB Chris Ortiz
|
0-0: Ground out 5-3 (Groundball, 56S, EV 76.2 MPH)
|
| Top of the 7th over - 1 run, 1 hit, 0 errors, 0 left on base; Chattanooga 4 - Northwest Arkansas 4 |
| BOTTOM OF THE 7TH |
|
Northwest Arkansas Naturals batting - Pitching for Chattanooga Lookouts : RHP Mike Ferry
|
|
Batting: RHB Gavin Jones
|
0-0: Ball 1-0: Called Strike 1-1: Ground out 6-3 (Groundball, 6, EV 106.9 MPH)
|
|
Batting: RHB Walt Cogswell
|
0-0: Ball 1-0: Swinging Strike 1-1: Called Strike 1-2: Foul Ball, location: 2F 1-2: Strikes out looking
|
|
Batting: RHB Jaden Warrior
|
0-0: Ball 1-0: Ball 2-0: Called Strike 2-1: Ball 3-1: Ground out 5-3 (Groundball, 5, EV 110.0 MPH)
|
| Bottom of the 7th over - 0 runs, 0 hits, 0 errors, 0 left on base; Chattanooga 4 - Northwest Arkansas 4 |
| TOP OF THE 8TH |
|
Chattanooga Lookouts batting - Pitching for Northwest Arkansas Naturals : LHP Dave Schmidt
|
|
Pitching: RHP Vinny Reveles
|
|
|
Pinch Hitting: RHB J.J. Powers
|
0-0: Ball 1-0: Called Strike 1-1: Foul Ball, location: 2F 1-2: Foul Ball, location: 2F 1-2: Ball 2-2: Ground out 5-3 (Groundball, 5, EV 92.5 MPH)
|
|
Batting: LHB Armando Rendon
|
0-0: Called Strike 0-1: Ball 1-1: Called Strike 1-2: Strikes out looking
|
|
Batting: LHB Marius Tadini
|
0-0: Foul Ball, location: 2F 0-1: Ball 1-1: Swinging Strike 1-2: Ball 2-2: DOUBLE (Groundball, 5L, EV 100.6 MPH)
|
|
Batting: RHB Ben Droge
|
0-0: Ball 1-0: SINGLE (Line Drive, 34, EV 97.5 MPH) Marius Tadini to third Runner from 3rd tries for Home, SAFE, throw by RF to home
|
|
Batting: RHB Ruben Martinez
|
0-0: Swinging Strike 0-1: Foul Ball, location: 2F 0-2: 2-RUN HOME RUN (Flyball, 7D, EV 97.5 MPH), Distance : 383 ft
|
|
Batting: LHB Matt Robertson
|
0-0: Ball 1-0: Swinging Strike 1-1: Ball 2-1: Foul Ball, location: 2F 2-2: Ground out 3-1 (Groundball, 34S, EV 68.1 MPH)
|
| Top of the 8th over - 3 runs, 3 hits, 0 errors, 0 left on base; Chattanooga 7 - Northwest Arkansas 4 |
| BOTTOM OF THE 8TH |
|
Northwest Arkansas Naturals batting - Pitching for Chattanooga Lookouts : RHP Mike Ferry
|
|
Pitching: RHP Justin Gorden
|
|
|
Now at 2B: Ben Droge
|
|
|
Now at SS: J.J. Powers
|
|
|
Batting: RHB Marco Diaz
|
0-0: Called Strike 0-1: TRIPLE (Flyball, 8RXD, EV 99.4 MPH)
|
|
Batting: RHB Tomas Raya
|
0-0: Fly out, F8 (Line Drive, 8RD, EV 93.8 MPH) Runner from 3rd tags up, SCORES, throw by CF
|
|
Batting: RHB Kunimatsu Oya
|
0-0: SINGLE (Groundball, 56S, EV 73.1 MPH) (infield hit)
|
|
Batting: RHB Doug Carter
|
0-0: Ball 1-0: Ball 2-0: Foul Ball, location: 2F 2-1: Grounds into double play, 3-6-3 (Groundball, 34, EV 102.5 MPH)
|
| Bottom of the 8th over - 1 run, 2 hits, 0 errors, 0 left on base; Chattanooga 7 - Northwest Arkansas 5 |
| TOP OF THE 9TH |
|
Chattanooga Lookouts batting - Pitching for Northwest Arkansas Naturals : RHP Vinny Reveles
|
|
Batting: RHB Isaiah Easter
|
0-0: Ball 1-0: Foul Ball, location: 2F 1-1: Fly out, F9 (Flyball, 89M, EV 83.8 MPH)
|
|
Batting: RHB Justin Allison
|
0-0: Called Strike 0-1: Called Strike 0-2: SINGLE (Groundball, 6MD, EV 101.2 MPH)
|
|
Batting: SHB Chris Ortiz
|
0-0: Foul Ball, location: 2F 0-1: DOUBLE (Groundball, 3L, EV 94.4 MPH) Justin Allison to third
|
|
Batting: RHB J.J. Powers
|
0-0: Intentional Walk
|
|
Batting: LHB Armando Rendon
|
0-0: Ball 1-0: Ball 2-0: Foul Ball, location: 2F 2-1: GRAND SLAM HOME RUN (Flyball, 9D, EV 99.4 MPH), Distance : 392 ft
|
|
Batting: LHB Marius Tadini
|
0-0: Ball 1-0: Ball 2-0: Foul Ball, location: 2F 2-1: Ball 3-1: Base on Balls
|
|
Batting: RHB Ben Droge
|
0-0: Called Strike 0-1: Ball 1-1: Called Strike 1-2: Ball 2-2: SINGLE (Groundball, 6D, EV 95.6 MPH) Marius Tadini to second
|
|
Batting: RHB Ruben Martinez
|
0-0: Called Strike 0-1: Swinging Strike 0-2: Foul Ball, location: 2F 0-2: Ball 1-2: Ball 2-2: Grounds into double play, 3-6-3 (Groundball, 34, EV 84.4 MPH)
|
| Top of the 9th over - 4 runs, 4 hits, 0 errors, 1 left on base; Chattanooga 11 - Northwest Arkansas 5 |
| BOTTOM OF THE 9TH |
|
Northwest Arkansas Naturals batting - Pitching for Chattanooga Lookouts : RHP Justin Gorden
|
|
Batting: RHB Egidius Kruger
|
0-0: Ball 1-0: Called Strike 1-1: Ball 2-1: SINGLE (Groundball, 56D, EV 103.1 MPH)
|
|
Batting: LHB Danny Bailey
|
0-0: Foul Ball, location: 2F 0-1: Ball 1-1: Ball 2-1: DOUBLE (Line Drive, 89XD, EV 105.0 MPH) Egidius Kruger to third
|
|
Batting: RHB Gavin Jones
|
0-0: Foul Ball, location: 2F 0-1: Ball 1-1: Ball 2-1: Foul Ball, location: 2F 2-2: Ball 3-2: Ground out 6-3 (Groundball, 6, EV 103.8 MPH) Egidius Kruger scores
|
|
Batting: RHB Walt Cogswell
|
0-0: Swinging Strike 0-1: Ball 1-1: Called Strike 1-2: Foul Ball, location: 2F 1-2: Ground out 5-3 (Groundball, 56S, EV 75.0 MPH) Danny Bailey to third
|
|
Batting: RHB Jaden Warrior
|
0-0: Called Strike 0-1: Ball 1-1: Ground out 4-3 (Groundball, 4M, EV 87.5 MPH)
|
| Bottom of the 9th over - 1 run, 2 hits, 0 errors, 1 left on base; Chattanooga 11 - Northwest Arkansas 6 |
|